 Dungeon Crawl Stone Soup version 0.29-a0-821-g66395355a5 (webtiles) character file.

Game seed: 11609755945372434385

196 quixfox the Chopper (level 5, -5/47 HPs)
             Began as a Hill Orc Fighter on July 8, 2022.
             Slain by a sky beast (6 damage)
             ... on level 4 of the Dungeon.
             The game lasted 00:05:06 (3831 turns).

quixfox the Chopper (Hill Orc Fighter)              Turns: 3831, Time: 00:05:07

Health: -5/47      AC:  9    Str: 21    XL:     5   Next: 75%
Magic:  5/5        EV:  7    Int:  8    God:
Gold:   107        SH:  4    Dex: 10    Spells: 4/4 levels left

rFire   . . .      SeeInvis .   a - +1 war axe
rCold   . . .      Faith    .   c - +0 buckler
rNeg    . . .      Spirit   .   p - +0 chain mail
rPois   .          Reflect  .   (no helmet)
rElec   .          Harm     .   (no cloak)
rCorr   .          Rampage  .   (no gloves)
Will    .....                   (no boots)
Stlth   ..........              (no amulet)
HPRegen 0.15/turn               (no ring)
MPRegen 0.09/turn               (no ring)

@: no status effects
A: no striking features
a: no special abilities


You were on level 4 of the Dungeon.
You visited 1 branch of the dungeon, and saw 4 of its levels.

You collected 107 gold pieces.

Inventory:

Hand Weapons
 a - a +1 war axe (weapon)
Armour
 c - a +0 buckler (worn)
 p - a +0 chain mail (worn)
Scrolls
 f - a scroll of fog
 m - a scroll of magic mapping
Potions
 b - a potion of might
 d - 2 potions of haste {unknown}
 e - a potion of degeneration {unknown}
 g - 3 potions of berserk rage {unknown}
 h - 4 potions of brilliance
 j - 4 potions of curing {unknown}
 k - 3 potions of attraction {unknown}
 o - a potion of lignification {unknown}


   Skills:
 + Level 4.8 Fighting
 * Level 5.7 Axes
 + Level 4.4 Armour
 - Level 3.2 Shields


You had 4 spell levels left.
You didn't know any spells.
Your spell library was empty.

Dungeon Overview and Level Annotations

Branches:
Dungeon (4/15)
 Temple: D:4-7

Altars:
Dithmenos


Message History

Something tries to affect you, but you resist.
You miss something. You hit the orc.
You kill the orc!
Something hits you but does no damage.
You slash the orc!
You kill the orc!
You closely miss something. Something hits you but does no damage.
You slash the orc!
You kill the orc!
You hit something. Something hits you but does no damage.
The orc hits you with a +0 whip. Something hits you.
You closely miss the orc. You closely miss something.
The orc barely misses you. Something hits you but does no damage.
You slash the orc!
You kill the orc!
You miss something.
You hear some strange, mumbled words.
You are confused.
Something hits you but does no damage. x2
Items here: )))) [[ †††.
You completely miss something. You barely miss something. Something hits you.
Something shocks you. Something hits you but does no damage.
A kobold comes into view. It is wielding a +0 whip.
The kobold shouts!
You hear some strange, mumbled words.
A magic dart appears from out of thin air!
The magic dart hits you.
There is an open door here.
You bump into the rock wall.
Something hits you. x2; Something shocks you.
* * * LOW HITPOINT WARNING * * *
The kobold throws a stone.
The stone hits you but does no damage.
You bump into the rock wall.
You feel less confused.
You hear some strange, mumbled words.
A puff of flame appears from out of thin air!
The puff of flame hits you!
* * * LOW HITPOINT WARNING * * *
Something hits you.
* * * LOW HITPOINT WARNING * * *
Something shocks you.
You die...

......<.'..#####
........#..'...#....#
........#..##).#....#
........#..##..#....#
........#...#..#....#
.....)..'...#..#.K..###
........#..##..#.......
.##'#####..##.)#.......
#..##.{@.......
#..#....... #[.#....#+#
#..#....+ ...#....#
##..#....# #..#....#
#.. ....#


You could see a kobold.

Vanquished Creatures
  4 gnolls
  6 adders
  2 dart slugs (D:1)
  4 worms
  7 orcs
  5 bats
  9 endoplasms
  3 giant cockroaches
  8 goblins
  7 hobgoblins
  A jackal (D:4)
  4 kobolds
  A quokka (D:2)
  7 ball pythons
  A frilled lizard (D:1)
  4 rats (D:3)
73 creatures vanquished.

Vanquished Creatures (collateral kills)
  An ufetubus (D:4)
  2 jackals (D:4)
3 creatures vanquished.

Grand Total: 76 creatures vanquished

Notes
Turn   | Place    | Note
-------+----------+-------------------------------------------
     0 | D:1      | quixfox the Hill Orc Fighter began the quest for the Orb.
     0 | D:1      | Reached XP level 1. HP: 19/19 MP: 1/1
   119 | D:1      | Found a faded altar of an unknown god.
   158 | D:1      | Reached skill level 3 in Axes
   258 | D:1      | Reached XP level 2. HP: 27/27 MP: 2/2
   847 | D:1      | Reached XP level 3. HP: 32/33 MP: 3/3
  1180 | D:2      | Reached skill level 4 in Axes
  1800 | D:2      | Reached XP level 4. HP: 26/40 MP: 4/4
  2669 | D:2      | Reached skill level 5 in Axes
  2931 | D:3      | Reached XP level 5. HP: 26/47 MP: 5/5
  3202 | D:3      | Found a shadowy altar of Dithmenos.
  3776 | D:4      | Identified the +1 ring mail "Maubrae" {rF+ rC+ Will+
                  | Stlth+}
  3814 | D:4      | Noticed a sky beast
  3831 | D:4      | HP: 1/47 [something (3)]
  3831 | D:4      | Slain by a sky beast

Illustrated notes

Levels and vault maps discovered:
D:1:      psy_arrival_whirlpool, layout_loops_corners,
          chequers_ecumenical_altar_island
D:2:      layout_loops_cross, minmay_misc_feat_tower
D:3:      minmay_skewed_foursquare, layout_loops_ring, grunt_dithmenos_smoke,
          kennysheep_generic_room_2
D:4:      layout_gridville, minitemple

Skill      XL: |  1  2  3  4 |
---------------+-------------+-----
Axes           | 3 4 5 |  5.7
Fighting       | 4 |  4.8
Armour         | 4 |  4.4
Shields        | |  3.2

Action                   |  1- 3 |  4- 6 || total
-------------------------+-------+-------++-------
Melee: War axe           |    85 |   136 ||   221
  Use: Scroll            |       |     6 ||     6
       Potion            |       |     1 ||     1
Armor: Scale mail        |    51 |    44 ||    95
       Chain mail        |       |    27 ||    27
Dodge: Dodged            |    40 |    73 ||   113
Block: Buckler           |    15 |    35 ||    50

Table legend: (Time is in decaauts)
 A = Elapsed time spent in this place.
 B = Non-inter-level travel time spent in this place.
 C = Inter-level travel time spent in this place.
 D = Time resting spent in this place.
 E = Time spent auto-exploring this place.
 F = Levels seen in this place.
 G = Mean time per level.
                   A        B        C        D        E       F      G
               +--------+--------+--------+--------+--------+-----+--------+
         Total |   3905 |   3810 |     95 |    633 |   2610 |   4 |  976.2 |
       Dungeon |   3905 |   3810 |     95 |    633 |   2610 |   4 |  976.2 |
               +--------+--------+--------+--------+--------+-----+--------+

Top non-repeatable levels by time:
     D:3: 1405 daAuts
     D:1: 1187 daAuts
     D:2: 1153 daAuts
     D:4: 158 daAuts
